 Dungeon Crawl Stone Soup version 0.23-a0-629-gae4348f6cf (webtiles) character file.

6610 GordonOverkill the Basher (level 10, -4/81 HPs)
             Began as a Demigod Wanderer on Dec 26, 2018.
             Slain by a cyclops (25 damage)
             ... on level 9 of the Dungeon.
             The game lasted 00:16:51 (11233 turns).

GordonOverkill the Basher (Demigod Wanderer)       Turns: 11233, Time: 00:16:51

Health: -4/81      AC: 19    Str: 24    XL:     10   Next: 44%
Magic:  13/13      EV:  8    Int: 17    God:
Gold:   372        SH:  4    Dex: 11    Spells: 9/9 levels left

rFire    . . .     SeeInvis .   a - +2 mace
rCold    . . .     Gourm    .   e - +0 buckler
rNeg     . . .     Faith    .   y - +0 plate armour
rPois    .         Spirit   .   z - +0 helmet
rElec    .         Reflect  .   k - +0 cloak
rCorr    .         Harm     .   b - +0 pair of gloves
MR       +....                  C - +0 pair of boots
Stlth    ..........             (no amulet)
HPRegen  0.23/turn              d - +3 ring of slaying
MPRegen  0.13/turn              n - +4 ring of protection

@: no status effects
A: high mp 1
a: no special abilities


You were on level 9 of the Dungeon.
You were not hungry.

You visited 1 branch of the dungeon, and saw 9 of its levels.

You collected 372 gold pieces.

Inventory:

Hand Weapons
 a - a +2 mace (weapon)
 w - a +0 morningstar
Missiles
 x - 2 tomahawks (quivered)
 A - a throwing net
Armour
 b - a +0 pair of gloves (worn)
 e - a +0 buckler (worn)
 k - a +0 cloak (worn)
 y - a +0 plate armour (worn)
 z - a +0 helmet (worn)
 C - a +0 pair of boots (worn)
Jewellery
 d - a +3 ring of slaying (left hand)
 g - an uncursed ring of protection from cold
 j - an uncursed ring of protection from fire
 n - a +4 ring of protection (right hand)
 F - an uncursed ring of ice
Wands
 D - a wand of disintegration (12)
 E - a wand of iceblast (14)
Scrolls
 c - 2 scrolls of magic mapping
 h - a scroll of enchant weapon
 m - 2 scrolls of teleportation
 o - a scroll of identify
 u - 4 scrolls of remove curse
Potions
 i - 6 potions of curing
 p - a potion of heal wounds
 q - 2 potions of haste
 r - a potion of lignification
 s - a potion of cancellation
 t - 2 potions of mutation
 v - 2 potions of invisibility {unknown}
Comestibles
 f - 14 rations
 l - 3 chunks of flesh


   Skills:
 - Level 5.0 Fighting
 * Level 12.7 Maces & Flails
 - Level 3.0 Armour
 - Level 4.0 Dodging
 - Level 1.0 Stealth
 + Level 3.7 Shields
   Level 1.7 Transmutations
   Level 1.0 Ice Magic


You had 9 spell levels left.
You didn't know any spells.
Your spell library contained the following spells:

 Spells                   Type           Power        Failure   Level  Hunger
 Freeze                   Ice            #...         96%         1    ##.....
 Blink                    Tloc           N/A          100%        2    ###....
 Shroud of Golubria       Chrm/Tloc      #.........   100%        2    ###....
 Ignite Poison            Fire/Tmut/Pois #.......     100%        3    ####...
 Ozocubu's Armour         Chrm/Ice       #.......     100%        3    ####...
 Airstrike                Air            #.........   100%        4    #####..


Dungeon Overview and Level Annotations

Branches:
Dungeon (9/15)             Temple (0/1) D:5            Lair (0/6) D:8
    Orc: D:9-12

Annotations:
D:4 3 runed doors, D1HalberdGnoll's ghost, weakling FeTm; lis82's ghost, amateur GrFi
D:6 1 exclusion


Innate Abilities, Weirdness & Mutations

You have an increased reservoir of magic. (+10% MP)


Message History

Press: ? - help, Shift-Dir - straight line, f - cyclops
Aim: a cyclops The mass of ice explodes!
The iceblast engulfs the cyclops.
The cyclops is lightly wounded.
You hear an angry growl.
The cyclops throws a large rock.
The large rock hits you!!
There is an open door here.
You thump the cyclops!
The cyclops is moderately wounded.
The cyclops hits you but does no damage.
You hit the cyclops.
The cyclops is moderately wounded.
The cyclops hits you!!
* * * LOW HITPOINT WARNING * * *
You sock the cyclops!
The cyclops is heavily wounded.
You sock the cyclops!
The cyclops is severely wounded.
The cyclops hits you!!
You die...

#...........###.......
#.......>...'.#.......
#...........#.#.......
#...........#.#.......
#...........#.#.(.....
#...........#.........
#...........###.....).
#....(......# #.......
#####@####### #######.
#.C...# .. #####.# ##


You could see a cyclops.

Vanquished Creatures
  A two-headed ogre (D:7)
  A troll (D:8)
  3 hippogriffs (D:9)
  Menkaure (D:6)
  2 water moccasins (D:8)
  Duvessa (D:7)
  2 orc warriors
  A phantom (D:8)
  4 sky beasts
  3 ice beasts
  8 ogres
  4 wolves (D:8)
  3 centaurs
  3 gnoll sergeants
  A big kobold (D:7)
  3 bullfrogs
  Dowan (D:7)
  6 scorpions
  4 killer bees
  5 howler monkeys
  A crimson imp (D:7)
  6 hounds
  5 jellies
  2 orc priests
  A bullfrog skeleton (D:7)
  3 centaur skeletons
  3 iguanas
  8 orc wizards
  8 worker ants
  A hound zombie (D:5)
  A hound skeleton (D:9)
  15 gnolls
  15 adders
  2 shadow imps
  2 adder skeletons
  An adder zombie (D:7)
  3 worms
  3 dart slugs
  6 leopard geckos
  46 orcs
  4 giant cockroaches
  10 goblins
  9 hobgoblins
  18 jackals
  8 kobolds
  8 quokkas
  5 bats
  4 frilled lizards
  A jackal zombie (D:6)
  A leopard gecko zombie (D:7)
  5 rats
262 creatures vanquished.

Notes
Turn   | Place    | Note
-------+----------+-------------------------------------------
     0 | D:1      | GordonOverkill the Demigod Wanderer began the quest for the
                  | Orb.
     0 | D:1      | GordonOverkill set off with the following items: a +2 mace,
                  | a +0 robe, a ration; and the following spell memorised:
                  | Freeze; and the following spells available to memorise:
                  | Blink, Shroud of Golubria, Ozocubu's Armour
     0 | D:1      | Reached XP level 1. HP: 19/19 MP: 3/3
   395 | D:1      | Reached XP level 2. HP: 27/27 MP: 4/4
   485 | D:1      | Found a glowing golden altar of the Shining One.
   520 | D:1      | Reached skill level 2 in Maces & Flails
  1031 | D:1      | Reached XP level 3. HP: 29/33 MP: 5/5
  1961 | D:2      | Reached skill level 3 in Maces & Flails
  1978 | D:2      | Reached XP level 4. HP: 32/40 MP: 6/6
  2573 | D:2      | Found an ornate altar of the Wu Jian Council.
  2576 | D:2      | Found a bloodstained altar of Trog.
  3148 | D:4      | Noticed an ogre
  3155 | D:4      | Killed an ogre
  3155 | D:4      | Reached skill level 4 in Maces & Flails
  3155 | D:4      | Reached XP level 5. HP: 38/47 MP: 7/7
  3291 | D:4      | Noticed an ogre
  3297 | D:4      | Killed an ogre
  3297 | D:4      | Reached skill level 5 in Fighting
  3297 | D:4      | Reached XP level 6. HP: 4/56 MP: 8/8
  3608 | D:4      | Reached skill level 5 in Maces & Flails
  4055 | D:4      | Reached skill level 1 in Dodging
  4160 | D:4      | Reached skill level 1 in Armour
  4209 | D:4      | Found a runed gate.
  4211 | D:4      | Found a runed gate.
  4212 | D:4      | Found a runed gate.
  4213 | D:4      | Noticed D1HalberdGnoll's ghost (weakling FeTm)
  4214 | D:4      | Noticed lis82's ghost (amateur GrFi)
  4314 | D:5      | Entered Level 5 of the Dungeon
  4714 | D:5      | Reached XP level 7. HP: 53/61 MP: 9/9
  4958 | D:5      | Found a staircase to the Ecumenical Temple.
  5046 | D:5      | Reached skill level 6 in Maces & Flails
  5171 | D:6      | Found a snail-covered altar of Cheibriados.
  5489 | D:6      | Found a sparkling altar of Nemelex Xobeh.
  5811 | D:6      | Noticed a cyclops
  5905 | D:6      | Noticed Menkaure
  6132 | D:6      | Killed Menkaure
  6132 | D:6      | Reached XP level 8. HP: 46/68 MP: 10/10
  6306 | D:6      | Reached skill level 7 in Maces & Flails
  7331 | D:7      | Reached skill level 8 in Maces & Flails
  7680 | D:7      | Reached skill level 9 in Maces & Flails
  7822 | D:7      | Noticed Dowan
  7822 | D:7      | Noticed Duvessa
  7835 | D:7      | Reached XP level 9. HP: 65/74 MP: 11/11
  7848 | D:7      | Killed Duvessa
  7859 | D:7      | Killed Dowan
  8333 | D:7      | Reached skill level 10 in Maces & Flails
  8350 | D:7      | Found a hazy altar of Hepliaklqana.
  8351 | D:7      | Found a shimmering altar of Xom.
  8352 | D:7      | Noticed a spectral ugly thing
  8753 | D:8      | Reached skill level 11 in Maces & Flails
  8942 | D:8      | Noticed a two-headed ogre
  9691 | D:8      | Found a staircase to the Lair.
  9717 | D:7      | Killed a two-headed ogre
  9717 | D:7      | Reached skill level 12 in Maces & Flails
  9717 | D:7      | Reached XP level 10. HP: 67/81 MP: 13/13
 10111 | D:8      | Found a radiant altar of Vehumet.
 10389 | D:9      | Identified Xoin's Collected Works on Shifting Feathers
 11227 | D:9      | Noticed a cyclops
 11233 | D:9      | Slain by a cyclops

Vault maps used:
D:1:      dpeg_arrival_morbid_curiosity, tso_metal_star
D:2:      minitemple, bh_walls_and_bars
D:4:      first_ration, gammafunk_ghost_cemetery
D:5:      temple_hall
D:6:      nemelex_xobeh_ov_fountains_minmay, basic_altar,
          lightli_corner_chamber, uniq_menkaure
D:7:      regret_index_temple_of_mockery, chequers_garden, grunt_potential,
          uniq_duvessa
D:8:      kennysheep_little_box, erik_lair_island

Skill      XL: |  1  2  3  4  5  6  7  8  9 10 |
---------------+-------------------------------+-----
Maces & Flails | 2 3 4 5 6 9 12 | 12.7
Fighting       | 4 5 |  5.0
Dodging        | 1 3 4 |  4.0
Armour         | 1 3 |  3.0
Shields        | 2 3 |  3.7
Stealth        | |  1.0
Transmutations | |  1.7
Ice Magic      | |  1.0

Action                   |  1- 3 |  4- 6 |  7- 9 | 10-12 || total
-------------------------+-------+-------+-------+-------++-------
Melee: Mace              |   104 |   191 |   522 |   208 ||  1025
Evoke: Wand              |       |       |     3 |     1 ||     4
  Use: Scroll            |       |     7 |     4 |     5 ||    16
       Potion            |       |     2 |     2 |       ||     4
 Stab: Sleeping          |     1 |       |       |       ||     1
  Eat: Chunk             |     3 |     9 |    13 |     6 ||    31
       Ration            |       |       |     1 |       ||     1
Armor: Robe              |     3 |       |       |       ||     3
       Chain mail        |    83 |   119 |    50 |       ||   252
       Plate armour      |       |       |   279 |   105 ||   384
Dodge: Dodged            |    65 |    96 |   199 |    68 ||   428
Block: Buckler           |       |       |       |    39 ||    39

Table legend:
 A = Non-vault XP
 B = Vault XP
 C = Vault XP percentage of total XP
 D = Non-vault monster count
 E = Vault monster count
 F = Vault count percentage of total count
                 A         B        C        D         E       F
            +---------+---------+-------+---------+---------+-------
      Total |    7640 |    1804 |  19.1 |     238 |      24 |   9.2
            +---------+---------+-------+---------+---------+-------
        D:1 |      81 |       6 |   6.9 |      30 |       3 |   9.1
        D:2 |      77 |       0 |   0.0 |      14 |       0 |   0.0
        D:3 |      50 |       0 |   0.0 |      10 |       0 |   0.0
        D:4 |     507 |       0 |   0.0 |      31 |       0 |   0.0
        D:5 |     399 |       0 |   0.0 |      19 |       0 |   0.0
        D:6 |     708 |     169 |  19.3 |      15 |       1 |   6.2
        D:7 |    2444 |     694 |  22.1 |      48 |      11 |  18.6
        D:8 |    1593 |     935 |  37.0 |      43 |       9 |  17.3
        D:9 |    1781 |       0 |   0.0 |      28 |       0 |   0.0
            +---------+---------+-------+---------+---------+-------
